 Dungeon Crawl Stone Soup version 0.27.0-1-g7a089689b8 (webtiles) character file.

Game seed: 17925022154210587608

0 HungrySpirit the Magician (level 1, 0/15 HPs)
             Began as a Djinni Air Elementalist on July 31, 2021.
             Killed from afar by a dart slug (3 damage)
             ... with a slug dart
             ... on level 1 of the Dungeon.
             The game lasted 00:00:12 (28 turns).

HungrySpirit the Magician (Djinni Air Elementalist)   Turns: 28, Time: 00:00:12

Health: 0/15       AC:  2    Str:  7    XL:     1   Next: 0%
Gold:   16         EV: 12    Int: 16    God:
                   SH:  0    Dex: 13

rFire    + + .     SeeInvis .   (no weapon)
rCold    x . .     Faith    .   (no shield)
rNeg     . . .     Spirit   .   a - +0 robe
rPois    ∞         Reflect  .   (no helmet)
rElec    .         Harm     .   (no cloak)
rCorr    .         Rampage  .   (no gloves)
Will     .....                  (boots unavailable)
Stlth    ++........             (no amulet)
HPRegen  0.05/turn              (no ring)
MPRegen  0.00/turn              (no ring)

@: flying
A: sickness immunity, fire resistance 2, cold vulnerability 1, float, innate
caster, hp casting, extra vitality 1
a: no special abilities


You were on level 1 of the Dungeon.
You visited 1 branch of the dungeon, and saw 1 of its levels.

You collected 16 gold pieces.

Inventory:

Armour
 a - a +0 robe (worn)


   Skills:
 + Level 0.0 Fighting
 + Level 2.1 Dodging
 - Level 1.5 Stealth
 - Level 2.4 Spellcasting


You couldn't memorise any spells.
You knew the following spells:

 Your Spells              Type           Power      Damage    Failure   Level
a - Shock                 Conj/Air       36%        1d5       8%          1
b - Static Discharge      Conj/Air       9%         N/A       11%         2
c - Swiftness             Air            9%         N/A       22%         3
d - Airstrike             Air            4%         N/A       58%         4
Your spell library was empty.

Dungeon Overview and Level Annotations

Branches:
Dungeon (1/15)

Altars:


Innate Abilities, Weirdness & Mutations

You are immune to sickness and miasma.
You are immune to poison.
Your flesh is very heat resistant. (rF++)
You are vulnerable to cold. (rC-)
You float through the air rather than walking.
You learn spells naturally, not from books.
Your magical power is your life essence.
You have superior vitality. (+4 HP)


Message History

Press ? for a list of commands and other information.
Found a staircase leading out of the dungeon.
You begin with the following spells memorised: Shock, Static Discharge, Swiftness, Airstrike.
There is a fountain of clear blue water here.
You now have 16 gold pieces.
A kobold comes into view. It is wielding a +0 short sword.
A dart slug comes into view.
The helpless dart slug fails to defend itself.
You hit the dart slug.
The dart slug is lightly wounded.
The dart slug bites you.
You hit the dart slug but do no damage.
The dart slug is lightly wounded.
The dart slug bites you.
You barely miss the dart slug.
The dart slug is lightly wounded.
The dart slug barely misses you.
You hit the dart slug.
The dart slug is moderately wounded.
You barely miss the dart slug.
The dart slug is moderately wounded.
The dart slug launches a dart at you. The slug dart hits you.
The kobold barely misses you.
You hit the dart slug.
The dart slug is moderately wounded.
The kobold hits you with a +0 short sword.
The dart slug bites you.
* * * LOW HITPOINT WARNING * * *
You are too injured to fight recklessly!
You are too injured to fight recklessly!
Cast which spell? (? or * to list)
Aiming: Shock (safe; 8% risk of failure)
Press: ? - help, Shift-Dir - straight line, f - kobold
Aim: a kobold, wielding a +0 short sword (60% to hit)
The zap hits the kobold.
You kill the kobold!
* * * LOW HITPOINT WARNING * * *
The dart slug launches a dart at you. The slug dart hits you.
You die...

# #.###......## .
#.##........... ..
.......##...##...
#..............
#...........#
#.....w...#.##..
#.#....#.........
#....w#)####.##.
#.....##@####.##.
..##.#.##.#.......
# #.........#
#.#.###...# .#.
#...# #
#.###...####.#.#
...............#
..##♣♣♣.♣♣♣##..#
♣⌠♣


You could see a dart slug.

Vanquished Creatures
  A kobold (D:1)
1 creature vanquished.

Notes
Turn   | Place    | Note
-------+----------+-------------------------------------------
     0 | D:1      | HungrySpirit the Djinni Air Elementalist began the quest
                  | for the Orb.
     0 | D:1      | Reached XP level 1. HP: 15/15 MP: 0/0
    28 | D:1      | Killed from afar by a dart slug

Illustrated notes

Levels and vault maps discovered:
D:1:      scummos_arrival_forest, layout_loops_cross

Action                   || total
-------------------------++-------
Melee: Unarmed           ||     6
 Cast: Shock             ||     1
 Stab: Sleeping          ||     1
Dodge: Dodged            ||     2
